 Zot Defence DCSS version 0.15.2 (webtiles) character file.

3887 Artagas the Cleaver (level 10, -7/96 HPs)
             Began as a Minotaur Berserker on July 12, 2019.
             Was a Believer of Trog.
             Killed from afar by a storm dragon (27 damage)
             ... with a bolt of lightning
             ... summoned by a boggart
             ... in the Realm of Zot (Scenario I: Hall of Zot).
             The game lasted 00:14:55 (1705 turns).

Artagas the Cleaver (Minotaur Berserker)            Turns: 1705, Time: 00:14:55

HP  -7/96        AC  6     Str 24      XL: 10   Next:  0%
MP   4/4         EV 12     Int  4      God: Trog [**....]
Gold 0           SH  0     Dex 11      Spells:  0 memorised,  9 levels left

rFire  . . .     SeeInvis .     a - +0 hand axe
rCold  . . .     Clarity  .     k - +0 ring mail
rNeg   . . .     rCorr    .     (no shield)
rPois  .         rRot     .     (helmet restricted)
rElec  .         Spirit   .     (no cloak)
SustAb .         Warding  .     (no gloves)
rMut   .         Stasis   .     (no boots)
Gourm  .                        (no amulet)
MR     ++...                    (no ring)
                                (no ring)

@: regenerating, very resistant to hostile enchantments, very unstealthy
A: retaliatory headbutt, horns 2
a: Make oklob sapling, Make arrow trap, Make plant, Remove Curse, Make burning
bush, Make altar, Make grenades, Make oklob plant, Make net trap, Make ice
statue, Make spear trap, Burn Spellbooks, Berserk, Trog's Hand, Renounce
Religion


You were in the Realm of Zot.
You worshipped Trog.
Trog was pleased with you.
You were not hungry.

You visited 1 branch

Inventory:

Hand weapons
 a - a +0 hand axe (weapon)
 e - a +0 whip of electrocution
Missiles
 j - 8 stones (quivered)
 l - 2 tomahawks
Armour
 b - a +0 animal skin
 k - a +0 ring mail (worn)
Comestibles
 d - a bread ration
Scrolls
 i - a scroll of blinking
Potions
 f - a potion of haste
 g - 2 potions of magic
 h - a potion of berserk rage


   Skills:
 + Level 11.3 Fighting
 + Level 11.3 Axes
 + Level 5.9 Armour
 + Level 5.4 Dodging


You had 9 spell levels left.
You didn't know any spells.

Dungeon Overview and Level Annotations

Branches:
    Zot (1/1)

Altars:


Innate Abilities, Weirdness & Mutations

You reflexively headbutt those who attack you in melee.
You have a pair of horns on your head.


Message History

The boggart casts a spell.
Drink which item? (? for menu, Esc to quit)
Okay, then.
Drink which item? (? for menu, Esc to quit)
Okay, then.
Use which ability? (? or * to list) Make oklob plant where?
Press: ? - help, Dir - move target cursor A rhizome shoots up through the ground and merges with vitriolic spirits in the atmosphere.
The boggart gestures wildly while chanting.
The electric golem hits your plant. The electric golem shocks your plant!
The electric golem hits your plant but does no damage.
The electric golem hits your plant.
The electric golem hits your plant but does no damage.
The storm dragon breathes lightning at you.
The bolt of lightning hits the black draconian.
The black draconian resists.
The bolt of lightning hits your plant.
Your plant is destroyed!
The bolt of lightning hits you!
You die...

▓▓▓▓▓▓▓▓ ▓▓▓▓▓▓▓▓ ....▓▓▓▓
▓▓▓▓.... .......▓▓▓ ▓▓▓.......
.........▓▓ ▓▓.........
..........▓ ▓▓▓▓▓▓▓▓▓ ▓..........
..........▓▓▓...P...▓▓▓..........
..........▓▓....P....▓▓..........
.........)▓.D..)PP.).)▓..........
..........g%J.J)@[8.)X^D.........
.........)▓...)).PdDgD▓).........
..........▓▓)........▓▓..........
..........▓▓▓...PP..▓▓▓..........
......o...# ▓▓▓▓▓▓▓▓▓ #..........
.........## ##.........
.......### ###....... ....####
####.... ######### #########


You could see an electric golem, a tentacled monstrosity, a storm dragon, a
black draconian (unaware), a fire dragon, 2 ice dragons, 2 slime creatures, 2
boggarts, 3 friendly oklob plants, a friendly burning bush and a friendly oklob
sapling.

Vanquished Creatures
  A polar bear (Zot)
  A hippogriff zombie (Zot)
  3 jellies (Zot)
  3 crimson imps (Zot)
  A goliath beetle (Zot)
  3 giant frog zombies (Zot)
  An orange rat (Zot)
  A hound zombie (Zot)
  A green rat (Zot)
  2 shadow imps (Zot)
  A gnoll zombie (Zot)
  An orc (Zot)
  3 oozes (Zot)
  A bat skeleton (Zot)
  A bat zombie (Zot)
  A giant cockroach (Zot)
  2 hobgoblins (Zot)
  4 kobolds (Zot)
  A ball python zombie (Zot)
  3 bats (Zot)
  A giant newt (Zot)
  A giant newt skeleton (Zot)
  A giant newt zombie (Zot)
  A giant spore (Zot)
  3 goblins (Zot)
  A goblin skeleton (Zot)
  3 goblin zombies (Zot)
  5 hobgoblin zombies (Zot)
  4 kobold zombies (Zot)
  An orc zombie (Zot)
  4 rats (Zot)
  2 rat skeletons (Zot)
  3 rat zombies (Zot)
65 creatures vanquished.

Vanquished Creatures (collateral kills)
  A gargoyle (Zot)
  A naga (Zot)
  Purgy (Zot)
  10 black bears (Zot)
  2 centaurs (Zot)
  2 ogres (Zot)
  A giant frog (Zot)
  A gnoll shaman (Zot)
  A giant frog skeleton (Zot)
  4 hounds (Zot)
  An ogre zombie (Zot)
  A hound zombie (Zot)
  A gnoll (Zot)
  3 adders (Zot)
  2 shadow imps (Zot)
  2 giant mites (Zot)
  A worm (Zot)
  2 giant geckos (Zot)
  An ooze (Zot)
  5 orcs (Zot)
  3 ball pythons (Zot)
  2 bat skeletons (Zot)
  A bat zombie (Zot)
  12 goblins (Zot)
  11 hobgoblins (Zot)
  A jackal (Zot)
  A kobold (Zot)
  2 quokkas (Zot)
  8 bats (Zot)
  2 giant cockroaches (Zot)
  A giant cockroach zombie (Zot)
  4 giant newts (Zot)
  A giant newt skeleton (Zot)
  A giant spore (Zot)
  A goblin zombie (Zot)
  2 hobgoblin zombies (Zot)
  An orc zombie (Zot)
  9 rats (Zot)
  2 rat skeletons (Zot)
108 creatures vanquished.

Vanquished Creatures (others)
  A giant frog (Zot)
  2 oklob saplings (Zot)
  An orc (Zot)
  5 goblins (Zot)
  2 hobgoblins (Zot)
  3 jackals (Zot)
  2 ball pythons (Zot)
  2 giant newts (Zot)
  4 kobolds (Zot)
  8 rats (Zot)
  A plant (Zot)
31 creatures vanquished.

Grand Total: 204 creatures vanquished

Notes
Turn   | Place    | Note
--------------------------------------------------------------
     0 | Zot      | Artagas, the Minotaur Berserker, began the quest for the Orb.
     0 | Zot      | Reached XP level 1. HP: 19/19 MP: 1/1
   222 | Zot      | Reached skill level 4 in Fighting
   222 | Zot      | Reached XP level 2. HP: 18/27 MP: 1/1
   246 | Zot      | Reached XP level 3. HP: 30/34 MP: 2/2
   340 | Zot      | Reached skill level 5 in Axes
   341 | Zot      | Reached XP level 4. HP: 33/41 MP: 2/2
   397 | Zot      | Reached skill level 5 in Fighting
   528 | Zot      | Reached skill level 6 in Axes
   528 | Zot      | Reached XP level 5. HP: 45/50 MP: 2/2
   550 | Zot      | Reached XP level 6. HP: 27/57 MP: 3/3
   633 | Zot      | Acquired Trog's second power
   747 | Zot      | Reached skill level 7 in Axes
  1036 | Zot      | Reached XP level 7. HP: 66/66 MP: 3/3
  1069 | Zot      | Reached skill level 8 in Fighting
  1221 | Zot      | Reached XP level 8. HP: 75/75 MP: 3/3
  1365 | Zot      | Reached skill level 9 in Fighting
  1441 | Zot      | Noticed Purgy
  1441 | Zot      | Killed Purgy
  1441 | Zot      | Reached skill level 10 in Fighting
  1441 | Zot      | Reached skill level 10 in Axes
  1520 | Zot      | Reached XP level 9. HP: 85/85 MP: 4/4
  1546 | Zot      | Noticed Vomawk Aqep
  1566 | Zot      | Killed Vomawk Aqep the gargoyle
  1602 | Zot      | Reached skill level 11 in Axes
  1611 | Zot      | Reached skill level 5 in Armour
  1637 | Zot      | Reached skill level 5 in Dodging
  1682 | Zot      | Reached XP level 10. HP: 23/96 MP: 4/4
  1693 | Zot      | Noticed a black draconian
  1703 | Zot      | Noticed a storm dragon
  1703 | Zot      | Noticed a fire dragon
  1703 | Zot      | Noticed a tentacled monstrosity
  1705 | Zot      | Noticed an electric golem
  1705 | Zot      | Noticed an ice dragon
  1705 | Zot      | Killed from afar by a storm dragon

Action                   |  1- 3 |  4- 6 |  7- 9 | 10-12 || total
-------------------------+-------+-------+-------+-------++-------
Melee: Hand axe          |    36 |    44 |    40 |       ||   120
Invok: Berserk           |     1 |     3 |     3 |       ||     7
       Trog's Hand       |       |       |     1 |     1 ||     2
 Abil: Make oklob saplin |     1 |     2 |       |       ||     3
       Make arrow trap   |     2 |       |       |       ||     2
       Make burning bush |       |     1 |       |       ||     1
       Make oklob plant  |       |       |     2 |     1 ||     3
       Make plant        |       |       |       |     3 ||     3
  Use: Potion            |     1 |     2 |       |     1 ||     4
 Stab: Distracted        |       |     1 |     4 |       ||     5
